 Dungeon Crawl Stone Soup version 0.29-a0-321-gf1c400731a (webtiles) character file.

Game seed: 5255163446752796272

26 rabbitsville the Shooter (level 2, -4/22 HPs)
             Began as a Demigod Hunter on Apr 3, 2022.
             Slain by Natasha (6 damage)
             ... on level 1 of the Dungeon.
             The game lasted 00:04:05 (1166 turns).

rabbitsville the Shooter (Demigod Hunter)           Turns: 1166, Time: 00:04:06

Health: -4/22      AC:  3    Str: 12    XL:     2   Next: 69%
Magic:  4/4        EV: 12    Int: 17    God:
Gold:   49         SH:  0    Dex: 19    Spells: 1/1 levels left

rFire   . . .      SeeInvis .   b - +0 hand axe
rCold   . . .      Faith    .   (no shield)
rNeg    . . .      Spirit   .   e - +0 leather armour
rPois   .          Reflect  .   (no helmet)
rElec   .          Harm     .   (no cloak)
rCorr   .          Rampage  .   (no gloves)
Will    .....                   (no boots)
Stlth   +++.......              (no amulet)
HPRegen 0.07/turn               m - +6 ring of intelligence
MPRegen 0.09/turn               (no ring)

@: slowed, very slow
A: high MP 1, forlorn, divine attributes, camouflage 1, agile 1, frail 1
a: no special abilities


You were on level 1 of the Dungeon.
You visited 1 branch of the dungeon, and saw 2 of its levels.

You collected 49 gold pieces.

Inventory:

Hand Weapons
 a - a +1 shortbow
 b - a +0 hand axe (weapon)
Missiles
 d - 3 javelins
Armour
 e - a +0 leather armour (worn)
Jewellery
 m - a +6 ring of intelligence (left hand)
Scrolls
 c - a scroll of immolation
 f - a scroll of teleportation {unknown}
 g - a scroll of fog {unknown}
 h - a scroll of summoning {unknown}
 i - 3 scrolls of blinking {unknown}
 j - a scroll of noise {unknown}
 l - a scroll of fear {unknown}


   Skills:
 + Level 2.5 Fighting
 + Level 4.1 Bows
 - Level 1.7 Dodging
 - Level 0.9 Stealth


You had one spell level left.
You didn't know any spells.
Your spell library was empty.

Dungeon Overview and Level Annotations

Branches:
Dungeon (2/15)

Annotations:
D:1 Natasha


Innate Abilities, Weirdness & Mutations

You have an increased reservoir of magic. (+10% MP)
You shall have no god before yourself.
Your divine heritage dramatically boosts your attributes as you level up.
Your skin changes colour to match your surroundings (Stealth+).
You are agile. (Dex +2)
You are frail. (-10% HP)


Message History

Shoot: a) +1 shortbow
Press: ? - help, Q - select action, (/) - cycle Shift-Dir - straight line, f/p - Natasha
Aim: Natasha (moderately wounded, 58% to hit)
You shoot an arrow. The arrow barely misses Natasha.
The arrow closely misses the goblin.
The goblin shouts!
Natasha mumbles some strange words.
Shoot: a) +1 shortbow
Press: ? - help, Q - select action, (/) - cycle Shift-Dir - straight line, f/p - Natasha
Aim: Natasha (moderately wounded, 58% to hit)
You shoot an arrow.
The arrow hits Natasha but does no damage.
Natasha is moderately wounded.
Natasha claws you. Natasha claws you but does no damage.
The goblin barely misses you. Natasha claws you.
You climb upwards.
The white imp disappears in a puff of smoke!
There is a stone staircase leading down here.
b - a +0 hand axe (weapon)
The goblin hits you with a +0 dagger.
You hit Natasha.
Natasha is moderately wounded.
You hit the goblin. Natasha claws you.
* * * LOW HITPOINT WARNING * * *
The goblin misses you. Natasha closely misses you.
The goblin hits you but does no damage.
You hit Natasha but do no damage.
Natasha is moderately wounded.
You hit the goblin.
You kill the goblin!
Natasha claws you.
* * * LOW HITPOINT WARNING * * *
Natasha closely misses you.
It was a potion of mutation.
You feel extremely strange.
You feel agile.
Your skin functions as natural camouflage.
You feel frail. Natasha claws you.
You die...

#.#.#....################)##
#.#.#.##.##.................
#.#.......................##
#.###....)..###############
#.#....)###.# ####.#.....#
#.############
#..........###.#..........#
#.##.###.....).#..........#####
#.##.#...#....@h..........'...#
#.##.#.#####...#..........###..
#.##.#.#####.###..........# ##.
#.##.#............######### #.
###.##.######.############ #.
....##..........†........# ##
.##.#########.##########.#### #
.######### #.....# #.....# #
.#.......# #.###.# #..##.# #


You could see Natasha.

Vanquished Creatures
  2 dart slugs (D:1)
  An endoplasm (D:1)
  4 goblins (D:1)
  A hobgoblin (D:1)
  3 jackals (D:1)
  A quokka (D:1)
  4 bats (D:1)
  2 kobolds (D:1)
  3 rats (D:1)
21 creatures vanquished.

Notes
Turn   | Place    | Note
-------+----------+-------------------------------------------
     0 | D:1      | rabbitsville the Demigod Hunter began the quest for the
                  | Orb.
     0 | D:1      | Reached XP level 1. HP: 17/17 MP: 3/3
     6 | D:1      | Noticed a swamp worm
     6 | D:1      | Noticed a hog
     6 | D:1      | Noticed a scorpion
     7 | D:1      | Noticed a black bear
   579 | D:1      | Reached XP level 2. HP: 17/24 MP: 4/4
   900 | D:1      | Reached skill level 4 in Bows
  1150 | D:2      | Noticed Natasha
  1166 | D:1      | Gained mutation: You are agile. (Dex +2) [potion of
                  | mutation]
  1166 | D:1      | Gained mutation: Your skin changes colour to match your
                  | surroundings (Stealth+). [potion of mutation]
  1166 | D:1      | Gained mutation: You are frail. (-10% HP) [potion of
                  | mutation]
  1166 | D:1      | Slain by Natasha

Illustrated notes

Levels and vault maps discovered:
D:1:      onia_arrival_zoo_common, layout_basic,
          shapermc_ecumenical_altar_pompeii
D:2:      kb_forest_paths, layout_basic, basic_altar,
          ebering_dispersal_statue_hall, uniq_crazy_yiuf_cottage, uniq_jessica,
          uniq_natasha

Skill      XL: |  1  2 |
---------------+-------+-----
Fighting       | 2 |  2.5
Bows           | 4 |  4.1
Dodging        | |  1.7
Stealth        | |  0.9

Action                   || total
-------------------------++-------
Melee: Hand axe          ||    12
 Fire: Shortbow          ||    44
  Use: Potion            ||     1
Armor: Leather armour    ||    11
Dodge: Dodged            ||    27

Table legend: (Time is in decaauts)
 A = Elapsed time spent in this place.
 B = Non-inter-level travel time spent in this place.
 C = Inter-level travel time spent in this place.
 D = Time resting spent in this place.
 E = Time spent auto-exploring this place.
 F = Levels seen in this place.
 G = Mean time per level.
                   A        B        C        D        E       F      G
               +--------+--------+--------+--------+--------+-----+--------+
         Total |   1186 |   1159 |     27 |    106 |    650 |   2 |  593.0 |
       Dungeon |   1186 |   1159 |     27 |    106 |    650 |   2 |  593.0 |
               +--------+--------+--------+--------+--------+-----+--------+

Top non-repeatable levels by time:
     D:1: 1174 daAuts
     D:2: 12 daAuts
